 Dungeon Crawl Stone Soup version 0.28-a0-983-g1de4e0787c (webtiles) character file.

Game seed: 6681906119787161092

22906 vineage the Warrior (level 13, -10/93 HPs)
             Began as a Gargoyle Fighter on Dec 2, 2021.
             Was a High Priest of Okawaru.
             Mangled by a very large slime creature (33 damage)
             ... on level 12 of the Dungeon.
             The game lasted 00:20:39 (17270 turns).

vineage the Warrior (Gargoyle Fighter)             Turns: 17270, Time: 00:20:40

Health: -10/93     AC: 29    Str: 19    XL:     13   Next: 3%
Magic:  16/16      EV: 10    Int: 14    God:    Okawaru [*****.]
Gold:   984        SH: 12    Dex: 13    Spells: 12/12 levels left

rFire   . . .      SeeInvis .   y - +5 morningstar (vamp)
rCold   + . .      Faith    .   c - +1 buckler
rNeg    + . .      Spirit   .   t - +4 ring mail of Meh Yhya {rElec rC+ Int-3}
rPois   ∞          Reflect  +   q - +0 helmet
rElec   +          Harm     .   v - +0 cloak
rCorr   .          Rampage  .   m - +0 pair of gloves
Will    .....                   (no boots)
Stlth   +.........              d - amulet of reflection
HPRegen 0.25/turn               k - +6 ring of intelligence
MPRegen 0.15/turn               o - +4 ring of protection

@: studying Polearms
A: sickness immunity, AC +9, negative energy resistance 1, electricity
resistance, torment resistance 1, petrification resistance
a: Renounce Religion, Heroism, Finesse, Duel


You were on level 12 of the Dungeon.
You worshipped Okawaru.
Okawaru was extremely pleased with you.
You visited 2 branches of the dungeon, and saw 13 of its levels.
You also visited: Sewer and Ossuary.

You collected 1104 gold pieces.
You spent 120 gold pieces at shops.

Inventory:

Hand Weapons
 a - a +0 flail
 h - a +3 short sword of venom
 w - a +5 dire flail
 y - a +5 vampiric morningstar (weapon)
Missiles
 I - 3 throwing nets (quivered)
Armour
 b - a +0 scale mail
 c - a +1 buckler (worn)
 m - a +0 pair of gloves (worn)
 q - a +0 helmet (worn)
 t - the +4 ring mail of Meh Yhya (worn) {rElec rC+ Int-3}
   (You found it on level 4 of the Dungeon)

   Int:       It affects your intelligence (-3).
   rC:        It protects you from cold.
   rElec:     It insulates you from electricity.
 v - a +0 cloak (worn)
Jewellery
 d - an amulet of reflection (around neck)
 i - a ring of wizardry
 k - a +6 ring of intelligence (left hand)
 o - a +4 ring of protection (right hand)
 z - a ring of wizardry
 F - an amulet of magic regeneration
 J - a ring of fire
Wands
 n - a wand of paralysis (13)
 r - a wand of iceblast (22)
 C - a wand of flame (41)
 D - a wand of digging (5)
 E - a wand of polymorph (13)
Scrolls
 l - 4 scrolls of amnesia
 p - 5 scrolls of enchant armour
 L - a scroll of fog
 M - a scroll of teleportation
 N - a scroll of magic mapping
Potions
 e - 3 potions of mutation
 f - 5 potions of curing
 g - 2 potions of invisibility {unknown}
 j - 2 potions of attraction
 u - 5 potions of brilliance {unknown}
 x - 2 potions of magic
 A - 2 potions of cancellation {unknown}
 B - a potion of lignification
 G - a potion of haste
 K - 4 potions of might


   Skills:
 + Level 15.9 Fighting
 + Level 8.2 Maces & Flails
 + Level 10.7 Armour
 + Level 10.7 Shields
 + Level 4.8 Invocations


You had 12 spell levels left.
You didn't know any spells.
Your spell library contained the following spells:

 Spells                   Type           Power      Damage    Failure   Level
 Freeze                   Ice            0%         1d3       41%         1
 Pain                     Necr           0%         1d4       41%         1
 Sting                    Tmut/Pois      0%         1d3       41%         1
 Ensorcelled Hibernation  Hex/Ice        0%         N/A       54%         2
 Poisonous Vapours        Pois/Air       0%         N/A       54%         2
 Frozen Ramparts          Ice            0%         1d2       78%         3
 Ozocubu's Armour         Ice            0%         N/A       78%         3
 Portal Projectile        Hex/Tloc       0%         N/A       78%         3
 Spider Form              Tmut/Pois      0%         N/A       78%         3
 Vampiric Draining        Necr           0%         2d6       78%         3
 Fulminant Prism          Conj/Hex       0%         3d6       99%         4
 Hailstorm                Conj/Ice       0%         3d3       99%         4
 Ice Form                 Ice/Tmut       0%         N/A       99%         4
 Iskenderun's Mystic Bla  Conj/Tloc      0%         2d3       99%         4
 Olgreb's Toxic Radiance  Pois           0%         N/A       99%         4
 Blade Hands              Tmut           0%         N/A       100%        5
 Excruciating Wounds      Necr           0%         N/A       100%        5
 Lee's Rapid Deconstruct  Erth           0%         3d5*      100%        5
 Metabolic Englaciation   Hex/Ice        0%         N/A       100%        5
 Orb of Destruction       Conj           0%         N/A       100%        7
 Ozocubu's Refrigeration  Ice            0%         4d5       100%        7
 Ignition                 Fire           0%         3d3       100%        8
 Animate Skeleton         Necr           Unusable   N/A       N/A         1
 Summon Guardian Golem    Hex/Summ       Unusable   N/A       N/A         3
 Simulacrum               Ice/Necr       Unusable   N/A       N/A         6
 Spellforged Servitor     Conj/Summ      Unusable   N/A       N/A         7

Dungeon Overview and Level Annotations

Branches:
Dungeon (12/15)            Temple (1/1) D:4            Lair (0/6) D:8
    Orc (0/2) D:12          Sewer (visited)         Ossuary (visited)

Altars:
Ashenzari
Cheibriados
Dithmenos
Elyvilon
Fedhas
Gozag
Hepliaklqana
Kikubaaqudgha
Makhleb
Nemelex Xobeh
Okawaru
Qazlal
Ru
Sif Muna
Trog
Uskayaw
Vehumet
Wu Jian
Xom
Yredelemnul
Zin
The Shining One

Shops:
D:8 *   D:10 [   D:12 [(

Portals:
Trove: D:11 (give 16 potions of curing)


Innate Abilities, Weirdness & Mutations

You are immune to sickness and miasma.
Your stone body is resilient. (AC +9)
You are immune to poison.
You resist negative energy. (rN+)
You are resistant to electric shocks. (rElec)
You are resistant to unholy torment.
You are immune to petrification.


Message History

You hit the very large slime creature.
You feel better.
The very large slime creature is heavily wounded.
You block the very large slime creature's attack.
You sock the very large slime creature!
You feel better.
The very large slime creature is severely wounded.
You block the very large slime creature's attack.
You hit the very large slime creature.
The very large slime creature is severely wounded.
You block the very large slime creature's attack.
You impale the very large slime creature!!
The very large slime creature is severely wounded.
The very large slime creature barely misses you.
You puncture the very large slime creature!
The very large slime creature is severely wounded.
The very large slime creature barely misses you.
You hit the very large slime creature.
The very large slime creature is severely wounded.
The very large slime creature hits you!!
The very large slime creature hits you!!!
* * * LOW HITPOINT WARNING * * *
You are too injured to fight recklessly!
You are too injured to fight recklessly!
You are too injured to fight recklessly!
You are too injured to fight recklessly!
You are too injured to fight recklessly!
You are too injured to fight recklessly!
You are too injured to fight recklessly!
You are too injured to fight recklessly!
You are too injured to fight recklessly!
You are too injured to fight recklessly!
You are too injured to fight recklessly!
You are too injured to fight recklessly!
You are too injured to fight recklessly!
You are too injured to fight recklessly!
You feel much better.
You block the very large slime creature's attack.
You puncture the very large slime creature!
The very large slime creature is almost dead.
The very large slime creature hits you!!
You die...

....### .##...
##...#.# .##..#
...... .##..#
...... .##..# .)..
.##..#########
...#
..(..#.>.....# #..
........####.# #J#
####.#..####.# #@#
.....#....##.###.#
######.##........#
#.......#####
#########


You could see a very large slime creature.

Vanquished Creatures
  Harold (D:8)
  A hydra (D:6)
  6 two-headed ogres
  3 death yaks (D:8)
  The ghost of sn0wgr3 the Fighter, a novice MiFi of Okawaru (D:7)
  Sonja (D:11)
  The ghost of kMk the Geomancer, a novice GrEE of Vehumet (D:7)
  Pikel (D:6)
  2 cyclopes (D:12)
  Maurice (D:8)
  A gargoyle (D:6)
  Psyche (D:11)
  3 trolls
  The ghost of night the Ruffian, an amateur TrVM of Vehumet (D:5)
  A komodo dragon (D:11)
  A hornet (D:6)
  2 wyverns
  20 yaks (D:10)
  Grum (D:8)
  A basilisk (D:6)
  3 steam dragons
  3 vampire mosquitoes (D:12)
  2 water moccasins
  3 hornet zombies (Ossuary)
  9 orc warriors
  3 ice beasts
  5 black bears
  3 necrophages (D:6)
  2 wolves (D:8)
  5 centaurs
  4 ogres
  2 phantoms
  4 lemures (D:6)
  2 kobold brigands
  4 gnoll sergeants
  2 wyvern zombies (Ossuary)
  4 bullfrogs
  A water moccasin zombie (Ossuary)
  19 wights
  5 howler monkeys
  5 electric eels
  6 bullfrog zombies
  9 centaur zombies
  A centaur skeleton (D:5)
  A gnoll shaman (D:5)
  2 orc priests
  A bullfrog skeleton (D:4)
  A hound (D:6)
  3 iguanas
  10 orc wizards
  5 killer bee zombies
  A hound skeleton (D:4)
  17 mummies (Ossuary)
  3 howler monkey zombies
  10 adders
  14 gnolls
  2 white imps
  3 worms
  2 dart slugs
  32 orcs
  5 endoplasms
  6 giant cockroaches
  5 goblins
  5 hobgoblins
  14 jackals
  2 quokkas
  12 ball pythons
  7 bats
  3 frilled lizards
  26 kobolds
  4 rats
352 creatures vanquished.

Vanquished Creatures (others)
  A kobold (D:10)
  17 plants
  8 withered plants
26 creatures vanquished.

Grand Total: 378 creatures vanquished

Notes
Turn   | Place    | Note
-------+----------+-------------------------------------------
     0 | D:1      | vineage the Gargoyle Fighter began the quest for the Orb.
     0 | D:1      | Reached XP level 1. HP: 14/14 MP: 1/1
   140 | D:1      | Reached XP level 2. HP: 19/19 MP: 2/2
   267 | D:1      | Reached skill level 4 in Fighting
   365 | D:1      | Reached XP level 3. HP: 24/24 MP: 3/3
   806 | D:2      | Found a faded altar of an unknown god.
  1026 | D:2      | Reached XP level 4. HP: 17/30 MP: 4/4
  1032 | D:2      | Reached skill level 5 in Fighting
  1530 | D:2      | Reached XP level 5. HP: 36/36 MP: 5/5
  1799 | D:3      | Reached skill level 6 in Fighting
  2639 | D:4      | Noticed a black bear
  2646 | D:4      | Killed a black bear
  2647 | D:4      | Reached skill level 7 in Fighting
  2647 | D:4      | Reached XP level 6. HP: 44/44 MP: 6/6
  2873 | D:4      | Reached skill level 8 in Fighting
  2889 | D:4      | Found a staircase to the Ecumenical Temple.
  2920 | D:4      | Reached XP level 7. HP: 50/50 MP: 7/7
  2932 | Temple   | Entered the Ecumenical Temple
  3219 | D:4      | Found a hazy altar of Hepliaklqana.
  3514 | D:4      | Identified the +4 ring mail of Meh Yhya {rElec rC+ Int-3}
  3536 | D:5      | Entered Level 5 of the Dungeon
  3542 | D:5      | Reached skill level 9 in Fighting
  3790 | D:5      | Found a sand-covered staircase.
  3795 | Ossuary  | Entered an ossuary
  3819 | Ossuary  | Reached XP level 8. HP: 14/57 MP: 8/8
  3822 | Ossuary  | Reached skill level 10 in Fighting
  3864 | Ossuary  | Reached skill level 11 in Fighting
  4443 | Ossuary  | Reached skill level 12 in Fighting
  4712 | Ossuary  | Reached XP level 9. HP: 66/66 MP: 9/9
  5125 | D:5      | Found a transporter.
  5135 | D:5      | Found a transporter.
  5135 | D:5      | Noticed night's ghost (amateur TrVM)
  5585 | D:5      | Found a blossoming altar of Fedhas.
  5586 | D:5      | Found a shadowy altar of Dithmenos.
  5588 | D:5      | Found a glowing silver altar of Zin.
  5588 | D:5      | Found a bloodstained altar of Trog.
  5835 | D:5      | Identified the +5 ring mail of Lethargy {Rampage Drain
                  | rElec}
  5923 | D:5      | Paralysed by a gnoll for 3 turns
  6014 | D:5      | Reached skill level 13 in Fighting
  6091 | D:5      | Killed night's ghost
  6533 | D:6      | Reached skill level 5 in Armour
  6561 | D:6      | Noticed a hornet
  6568 | D:6      | Killed a hornet
  6569 | D:6      | Reached skill level 5 in Shields
  6685 | D:6      | Reached XP level 10. HP: 73/73 MP: 10/10
  6914 | D:6      | Found a glowing drain.
  6946 | Sewer    | Entered a sewer
  7627 | D:6      | Found a hide-covered altar of Uskayaw.
  8061 | D:6      | Noticed a gargoyle
  8069 | D:6      | Killed a gargoyle
  8094 | D:6      | Noticed Pikel
  8111 | D:6      | Killed Pikel
  8112 | D:6      | Reached skill level 14 in Fighting
  8183 | D:6      | Noticed a seven-headed hydra
  8217 | D:6      | Killed a seven-headed hydra
  8766 | D:7      | Found a runed translucent gate.
  8767 | D:7      | Found a runed translucent gate.
  8767 | D:7      | Found a runed translucent gate.
  8768 | D:7      | Noticed kMk's ghost (novice GrEE)
  8768 | D:7      | Noticed sn0wgr3's ghost (novice MiFi)
  8802 | D:7      | Found an iron altar of Okawaru.
  9115 | D:7      | Found a sparkling altar of Nemelex Xobeh.
  9417 | D:7      | Found a basalt altar of Yredelemnul.
  9525 | D:7      | Killed kMk's ghost
  9526 | D:7      | Reached XP level 11. HP: 33/80 MP: 11/11
  9545 | D:7      | Killed sn0wgr3's ghost
  9546 | D:7      | Reached skill level 5 in Maces & Flails
 10291 | D:8      | Noticed a death yak
 10291 | D:8      | Noticed a death yak
 10334 | D:8      | Killed a death yak
 10714 | D:7      | Became a worshipper of Warmaster Okawaru
 10778 | D:8      | Noticed a death yak
 10820 | D:8      | Killed a death yak
 11229 | D:8      | Found a staircase to the Lair.
 11459 | D:8      | Noticed Harold
 11527 | D:8      | Noticed Maurice
 11539 | D:8      | Killed Maurice
 12014 | D:8      | Noticed Grum
 12029 | D:8      | Killed Grum
 12030 | D:8      | Found Qetim's General Store.
 12047 | D:8      | Bought a potion of haste for 120 gold pieces
 12543 | D:8      | Killed a death yak
 12544 | D:8      | Reached skill level 15 in Fighting
 12881 | D:8      | Killed Harold
 12881 | D:8      | Reached * piety under Okawaru
 13441 | D:9      | Noticed a two-headed ogre
 13456 | D:9      | Noticed a two-headed ogre
 13477 | D:9      | Killed a two-headed ogre
 13487 | D:9      | Killed a two-headed ogre
 13487 | D:9      | Reached ** piety under Okawaru
 13488 | D:9      | Reached XP level 12. HP: 20/88 MP: 10/12
 13839 | D:9      | Noticed a two-headed ogre
 13848 | D:9      | Killed a two-headed ogre
 13849 | D:9      | Reached skill level 1 in Invocations
 14481 | D:10     | Entered Level 10 of the Dungeon
 14541 | D:10     | Found Wyopet's Armour Emporium.
 14674 | D:10     | Found an opulent altar of Gozag.
 14675 | D:10     | Found a burning altar of Makhleb.
 14686 | D:10     | Reached *** piety under Okawaru
 14989 | D:10     | Noticed a two-headed ogre
 14996 | D:10     | Killed a two-headed ogre
 15089 | D:10     | Reached skill level 10 in Armour
 15461 | D:10     | Reached skill level 10 in Shields
 15622 | D:10     | Reached **** piety under Okawaru
 16099 | D:11     | Noticed Sonja
 16116 | D:11     | Killed Sonja
 16249 | D:11     | Found a portal to a secret trove of treasure.
 16477 | D:11     | Noticed a two-headed ogre
 16478 | D:11     | Noticed Psyche
 16504 | D:11     | Killed a two-headed ogre
 16514 | D:11     | Killed Psyche
 16967 | D:12     | Found Upeppa's Weapon Shoppe.
 16969 | D:12     | Found a staircase to the Orcish Mines.
 16995 | D:12     | Found Olurphuj's Armour Shoppe.
 17059 | D:12     | Noticed a two-headed ogre
 17082 | D:12     | Killed a two-headed ogre
 17170 | D:12     | Reached ***** piety under Okawaru
 17171 | D:12     | Reached XP level 13. HP: 93/93 MP: 16/16
 17270 | D:12     | Mangled by a very large slime creature

Illustrated notes

Levels and vault maps discovered:
D:1:      saegor_arrival_simple_a, layout_loops_ring, amethyst_killhole
D:2:      layout_basic, hellmonk_ecumenical_altar_run_dry
D:3:      layout_basic
D:4:      layout_cave_pools, amcnicky_altar_gilded,
          minmay_temple_entry_mini_moons, grunt_decor_resistance
D:5:      layout_basic, mainiacjoe_overflow_alcove_3,
          gammafunk_ghost_gnarly_gnolls, enter_ossuary_2, serial_bayou_lake_a
D:6:      minmay_chambers_of_sixes, layout_loops_cross,
          lemuel_coloured_pillars_altar, cheibrodos_sewer_entry_bend,
          dk_noncrumbling_3, grunt_ministairs_7, uniq_pikel
D:7:      layout_loops_ring, nicolae_overflow_hidden_temple,
          overflow_temple_1_default, kennysheep_mini, gammafunk_ghost_cemetery
D:8:      layout_gridville, dpeg_lair_monsters, serial_shops,
          nicolae_diamond_shop, uniq_grum, uniq_maurice, uniq_harold
D:9:      layout_basic, kennysheep_cross_room
D:10:     argonaut_augean_stables, layout_long_grid,
          mainiacjoe_overflow_catch_the_wave, serial_shops,
          nicolae_inconvenience_store
D:11:     layout_roguey, nicolae_trove_entry_crystal, mrwooster_statue_mirror,
          uniq_psyche, uniq_sonja
D:12:     layout_loops_cross, orc_david_3
Temple:   minmay_temple_curvy_loop

Skill      XL: |  1  2  3  4  5  6  7  8  9 10 11 12 |
---------------+-------------------------------------+-----
Fighting       | 4 5 7 8 9 12 13 14 15 | 15.9
Armour         | 5 7 9 10 | 10.7
Shields        | 5 7 9 10 | 10.7
Maces & Flails | 4 6 8 |  8.2
Invocations    | 4 |  4.8

Action                   |  1- 3 |  4- 6 |  7- 9 | 10-12 | 13-15 || total
-------------------------+-------+-------+-------+-------+-------++-------
Melee: Flail             |    34 |       |       |       |       ||    34
       Short sword       |    61 |   153 |   475 |   133 |       ||   822
       Morningstar       |       |       |       |   813 |    23 ||   836
Invok: Heroism           |       |       |       |     3 |       ||     3
  Use: Scroll            |     2 |     4 |    10 |     6 |       ||    22
       Potion            |       |     1 |     8 |    10 |     1 ||    20
Armor: Scale mail        |    54 |    83 |     5 |       |       ||   142
       Ring mail         |       |       |   259 |   494 |       ||   753
       Skin              |       |       |    19 |     1 |       ||    20
Dodge: Dodged            |    44 |    68 |   198 |   367 |     5 ||   682
Block: Buckler           |    29 |    29 |   196 |   652 |     9 ||   915
       Reflection        |       |       |     1 |    18 |       ||    19

Table legend: (Time is in decaauts)
 A = Elapsed time spent in this place.
 B = Non-inter-level travel time spent in this place.
 C = Inter-level travel time spent in this place.
 D = Time resting spent in this place.
 E = Time spent auto-exploring this place.
 F = Levels seen in this place.
 G = Mean time per level.
                   A        B        C        D        E       F      G
               +--------+--------+--------+--------+--------+-----+--------+
         Total |  17722 |  16807 |    915 |   2018 |  11233 |  15 | 1181.5 |
       Dungeon |  15522 |  14645 |    877 |   1583 |  10078 |  12 | 1293.5 |
        Temple |    239 |    201 |     38 |      0 |    197 |   1 |  239.0 |
         Sewer |    762 |    762 |      0 |      0 |    577 |   1 |  762.0 |
       Ossuary |   1197 |   1197 |      0 |    435 |    381 |   1 | 1197.0 |
               +--------+--------+--------+--------+--------+-----+--------+

Top non-repeatable levels by time:
     D:8: 3070 daAuts
     D:5: 1729 daAuts
     D:7: 1634 daAuts
     D:6: 1608 daAuts
    D:10: 1484 daAuts
     D:9: 1317 daAuts
 Ossuary: 1197 daAuts
    D:11: 1009 daAuts
     D:3: 943 daAuts
     D:2: 860 daAuts
     D:1: 819 daAuts
   Sewer: 762 daAuts
     D:4: 708 daAuts
    D:12: 336 daAuts
  Temple: 239 daAuts
